 Dungeon Crawl Stone Soup version 0.17-a0-1181-gabc46e6 (webtiles) character file.

231 killrock3 the Chopper (level 5, -12/46 HPs)
             Began as a Minotaur Berserker on May 31, 2015.
             Was a Believer of Trog.
             Killed by divine providence
             ... invoked by an orc priest
              (13 damage)
             ... on level 4 of the Dungeon.
             The game lasted 00:23:07 (2436 turns).

killrock3 the Chopper (Minotaur Berserker)          Turns: 2436, Time: 00:23:08

Health: -12/46     AC:  7    Str: 21    XL:     5   Next: 73%
Magic:  4/4        EV: 16    Int:  4    God:    Trog [**....]
Gold:   92         SH:  0    Dex: 16    Spells: 0 memorised, 4 levels left

rFire  . . .     SeeInvis .     a - +1 hand axe
rCold  . . .     Clarity  .     d - +1 scale mail
rNeg   . . .     SustAt   .     (no shield)
rPois  .         Gourm    .     (helmet restricted)
rElec  .         Spirit   .     (no cloak)
rCorr  .         Warding  .     (no gloves)
rMut   .         Stasis   .     (no boots)
MR     .....                    (no amulet)
Stlth  +.........               k - +2 ring of strength
                                e - -2 ring of strength

@: agile, not resistant to hostile enchantments, very unstealthy
A: retaliatory headbutt, horns 2
a: Burn Spellbooks, Berserk, Trog's Hand, Renounce Religion


You were on level 4 of the Dungeon.
You worshipped Trog.
Trog was pleased with you.
You were hungry.

You visited 1 branch of the dungeon, and saw 4 of its levels.

You collected 92 gold pieces.

Inventory:

Hand weapons
 a - a +1 hand axe (weapon)
Armour
 b - a +0 animal skin
 d - a +1 scale mail (worn)
 m - a +0 pair of boots
 o - a +0 chain mail
Jewellery
 e - a -2 ring of strength (left hand)
 k - a +2 ring of strength (right hand)
Scrolls
 h - 3 scrolls of identify
 i - a scroll of blinking
 j - 2 scrolls of enchant weapon
 p - a scroll of enchant armour
Potions
 f - a potion of lignification
 l - a potion of invisibility
Comestibles
 c - a bread ration
 g - a meat ration
 q - a chunk of flesh


   Skills:
 - Level 3.7 Fighting
 + Level 7.6 Axes
 - Level 2.6 Armour
 - Level 2.3 Dodging


You had 4 spell levels left.
You didn't know any spells.

Dungeon Overview and Level Annotations

Branches:
Dungeon (4/15)
 Temple: D:4-7

Altars:
Nemelex Xobeh


Innate Abilities, Weirdness & Mutations

You reflexively headbutt those who attack you in melee.
You have a pair of horns on your head.


Message History

The orc closely misses you.
Things that are here:
a flail; an orc corpse You hit the orc priest but do no damage.
The orc priest is heavily wounded.
You slash the orc!
You kill the orc!
Trog accepts your kill.
The orc priest invokes the aid of Beogh against you.
Something smites you!
* * * LOW HITPOINT WARNING * * *
It was a potion of agility.
You feel agile all of a sudden. The orc priest misses you.
You furiously retaliate!
You headbutt the orc priest.
The orc wizard casts a spell.
The orc wizard blinks!
The orc priest calls down the wrath of Beogh upon you.
Something smites you!
You die...

#..# #..# #..#
#..# #..# #(.#
###..#####
#..?)†...#
#...@)o..#
#............
...........§####
###.##+#o......
#. #.###### #.
#.# #.# #.#


You could see an orc priest and an orc wizard.

Vanquished Creatures
  A crimson imp (D:3)
  An orc wizard (D:3)
  An orc priest (D:4)
  A hound (D:4)
  Natasha (D:3)
  3 adders (D:3)
  2 worms (D:2)
  A giant gecko (D:3)
  7 orcs
  A giant cockroach (D:1)
  3 goblins
  7 hobgoblins
  7 bats
  6 giant newts
  6 kobolds
  5 rats
53 creatures vanquished.

Notes
Turn   | Place    | Note
--------------------------------------------------------------
     0 | D:1      | killrock3 the Minotaur Berserker began the quest for the Orb.
     0 | D:1      | Reached XP level 1. HP: 19/19 MP: 0/0
   459 | D:1      | Reached XP level 2. HP: 22/27 MP: 1/1
   462 | D:1      | Reached skill level 4 in Axes
   739 | D:2      | Acquired Trog's second power
  1356 | D:2      | Reached XP level 3. HP: 28/33 MP: 2/2
  1633 | D:3      | Reached skill level 5 in Axes
  1704 | D:3      | Reached XP level 4. HP: 38/40 MP: 3/3
  1715 | D:3      | Reached skill level 6 in Axes
  2073 | D:3      | Reached XP level 5. HP: 46/46 MP: 4/4
  2178 | D:3      | Noticed Natasha
  2195 | D:3      | Killed Natasha
  2195 | D:3      | Reached skill level 7 in Axes
  2364 | D:4      | Found a sparkling altar of Nemelex Xobeh.
  2434 | D:4      | HP: 1/46 [orc priest/divine providence (15)]
  2436 | D:4      | Killed from afar by an orc priest

Vault maps used:
D:1:      lightli_arrival_farm
D:2:      first_bread
D:3:      uniq_natasha
D:4:      nemelex_xobeh_ov_fountains_minmay, uniq_sigmund

Action                   |  1- 3 |  4- 6 || total
-------------------------+-------+-------++-------
Melee: Hand axe          |    63 |    52 ||   115
  Use: Scroll            |     5 |     2 ||     7
       Potion            |     2 |     2 ||     4
  Eat: Bread ration      |     1 |       ||     1
